 Dungeon Crawl Stone Soup version 0.26-a0-491-g70697cc071 (webtiles) character file.

Game seed: 14631562938177245861

15105 dogbrainedIDIOT the Grappler (level 11, 0/94 HPs)
             Began as a Troll Fighter on Aug 5, 2020.
             Was an Initiate of Gozag.
             Slain by a cane toad (14 damage)
             ... on level 1 of the Lair of Beasts.
             The game lasted 00:44:50 (13902 turns).

dogbrainedIDIOT the Grappler (Troll Fighter)       Turns: 13902, Time: 00:44:50

Health: 0/94       AC: 10    Str: 26    XL:     11   Next: 97%
Magic:  10/10      EV: 10    Int:  7    God:    Gozag
Gold:   1755       SH: 11    Dex:  9    Spells: 8/10 levels left

rFire    . . .     SeeInvis .     - Unarmed
rCold    . . .     Faith    .   b - +0 kite shield
rNeg     . . .     Spirit   .   O - +1 robe {MR+}
rPois    +         Reflect  .   (helmet restricted)
rElec    .         Harm     .   u - +2 cloak {Stlth+}
rCorr    .                      (gloves unavailable)
MR       +....                  (boots unavailable)
Stlth    +.........             (no amulet)
HPRegen  0.65/turn              C - ring of flight
MPRegen  0.12/turn              A - ring of poison resistance

@: no status effects
A: large, unfitting armour, claws 3, regeneration 1, shaggy fur 1, tough skin 3
a: Potion Petition, Call Merchant, Bribe Branch, Renounce Religion, Evoke Flight


You were on level 1 of the Lair of Beasts.
You worshipped Gozag.
Gozag was most pleased with you.
You visited 3 branches of the dungeon, and saw 13 of its levels.

You collected 2325 gold pieces.
You spent 467 gold pieces at shops.
You paid 103 gold pieces to Gozag.

Inventory:

Missiles
 a - 9 boomerangs
 h - 160 arrows
 l - 423 stones (quivered)
 o - 2 silver javelins
 t - 52 poisoned darts
 x - 5 throwing nets
 y - 2 curare-tipped darts
Armour
 b - a +0 kite shield (worn)
 u - a +2 cloak of stealth (worn)
 L - a +1 robe of fire resistance
 O - a +1 robe of magic resistance (worn)
Jewellery
 A - a ring of poison resistance (right claw)
 C - a ring of flight (left claw)
Wands
 p - a wand of flame (34)
 q - a wand of digging (11)
 G - a wand of polymorph (6)
 H - a wand of iceblast (10)
 N - a wand of random effects (19)
Scrolls
 e - 9 scrolls of teleportation {unknown}
 j - a scroll of random uselessness {unknown}
 m - 7 scrolls of remove curse
 n - 2 scrolls of magic mapping
 r - 4 scrolls of immolation
 v - 3 scrolls of fear {unknown}
 w - 2 scrolls of enchant armour {unknown}
 E - a scroll of noise {unknown}
 I - 2 scrolls of acquirement {unknown}
 M - a scroll of amnesia
 P - a scroll of blinking {unknown}
 S - a scroll of fog {unknown}
Potions
 c - a potion of might
 d - 2 potions of cancellation
 f - 9 potions of heal wounds
 g - 3 potions of mutation
 i - 13 potions of curing
 k - a potion of ambrosia
 s - 3 potions of brilliance
 z - 2 potions of resistance
 B - 2 potions of berserk rage
 D - 2 potions of lignification
 F - a potion of magic {unknown}
 K - 2 potions of stabbing {unknown}
 Q - a potion of haste
 R - 2 potions of flight {unknown}


   Skills:
 - Level 2.4 Fighting
 + Level 10.6 Throwing
 - Level 2.4 Dodging
 - Level 9.0 Shields
 + Level 11.6 Unarmed Combat
 + Level 2.5 Evocations


You had 8 spell levels left.
You knew the following spells:

 Your Spells              Type           Power        Failure   Level
a - Wereblood             Tmut           #.......     56%         2

Your spell library contained the following spells:

 Spells                   Type           Power        Failure   Level
 Beastly Appendage        Tmut           #.....       43%         1
 Corona                   Hex            #......      43%         1
 Foxfire                  Conj/Fire      #...         43%         1
 Freeze                   Ice            #...         43%         1
 Summon Small Mammal      Summ           #...         43%         1
 Call Imp                 Summ           #.......     56%         2
 Ensorcelled Hibernation  Hex/Ice        #.....       56%         2
 Call Canine Familiar     Summ           #.......     80%         3
 Confusing Touch          Hex            #.......     80%         3
 Conjure Flame            Conj/Fire      #.......     80%         3
 Dazzling Flash           Conj/Hex       #.....       80%         3
 Frozen Ramparts          Ice            #.....       80%         3
 Inner Flame              Hex/Fire       #.......     80%         3
 Ozocubu's Armour         Ice            #.......     80%         3
 Spider Form              Tmut/Pois      #.........   80%         3
 Summon Guardian Golem    Hex/Summ       #.......     80%         3
 Tukima's Dance           Hex            #.......     80%         3
 Hailstorm                Conj/Ice       #.......     99%         4
 Ice Form                 Ice/Tmut       #.......     99%         4
 Sticky Flame             Conj/Fire      #.......     99%         4
 Summon Ice Beast         Ice/Summ       #.......     99%         4
 Summon Lightning Spire   Summ/Air       #.......     99%         4
 Blade Hands              Tmut           #.........   100%        5
 Fireball                 Conj/Fire      #.........   100%        5
 Chain Lightning          Conj/Air       #.........   100%        8
 Lehudib's Crystal Spear  Conj/Erth      #.........   100%        8
 Absolute Zero            Ice            #.........   100%        9
 Fire Storm               Conj/Fire      #.........   100%        9


Dungeon Overview and Level Annotations

Branches:
Dungeon (11/15)            Temple (1/1) D:6            Lair (1/6) D:9
    Orc (0/2) D:9

Altars:
Cheibriados
Dithmenos
Elyvilon
Fedhas
Gozag
Hepliaklqana
Kikubaaqudgha
Makhleb
Nemelex Xobeh
Okawaru
Qazlal
Ru
Sif Muna
Trog
Uskayaw
Wu Jian
Xom
Yredelemnul
Zin
The Shining One
Beogh

Shops:
D:9 *(*}!   D:11 :

Annotations:
D:1 exclusion: downstairs


Innate Abilities, Weirdness & Mutations

You are too large for most types of armour.
You have claws for hands.
Your natural rate of healing is unusually fast.
You are covered in fur. (AC +1)
You have extremely tough skin. (AC +3)


Message History

The cane toad stings you! The crocodile bites you!!
* * * LOW HITPOINT WARNING * * *
You are too injured to fight recklessly!
The cane toad stings you!
* * * LOW HITPOINT WARNING * * *
Evoke which item? (* to show all) (? for menu, Esc to quit)
Press: ? - help, Shift-Dir - straight line, p - cane toad Your line of fire to the targeted rock wall is blocked by a plant.
Continue anyway?
Okay, then.
Evoke which item? (* to show all) (? for menu, Esc to quit)
Press: ? - help, Shift-Dir - straight line
Okay, then.
You scratch the cane toad.
The cane toad is moderately wounded.
You block the cane toad's attack.
You scratch the cane toad.
The cane toad is heavily wounded.
The cane toad stings you!
You die...
Your body crumbles into a pile of gold.

#.#.#...#.## ..
.....#...#.########...# ..(
#.....#.....#P.#P##...# ...
...#.#...#............# ....
#.#.#.#...............+ ....
.#.#.#.#.#............##..##.
..#.#.#.#.#........).....(.!.
.......#.#...............(((.
#.#...#...#####.@##....(.....
.#...#.#.#.......F#..#.#.####
#.....#..........t...###
.#...#.#..........P..# ......
.#........#..# ....#
..........#.... ....+
.#........#...... ....#
#........#..#P... ....#
#...........##...


You could see a cane toad and a crocodile.

Vanquished Creatures
  Harold (D:8)
  A centaur warrior (D:9)
  4 two-headed ogres
  Pikel (D:5)
  An ugly thing (D:11)
  A centaur zombie (D:11)
  Maurice (D:10)
  A cane toad (Lair:1)
  A komodo dragon (Lair:1)
  3 trolls
  2 hippogriffs
  6 yaks
  2 steam dragons (D:11)
  An acid dragon (D:11)
  4 water moccasins (Lair:1)
  10 orc warriors
  4 porcupines
  A sky beast (D:8)
  A black bear (D:9)
  An ice beast (D:6)
  2 eyes of draining (D:5)
  3 ogres
  A phantom (D:8)
  A centaur (D:10)
  2 lemures (D:5)
  7 wolves (Lair:1)
  2 crocodiles (Lair:1)
  5 big kobolds
  9 bullfrogs
  5 scorpions
  8 killer bees
  4 wights (D:9)
  2 howler monkeys
  2 bullfrog zombies
  3 hounds
  22 orc wizards
  Crazy Yiuf (D:2)
  2 jellies
  10 orc priests
  A bullfrog skeleton (D:4)
  Jessica (D:2)
  Natasha (thrice) (D:2)
  Terence (D:2)
  2 iguanas
  4 worker ants
  9 gnolls
  A howler monkey skeleton (D:4)
  16 adders
  4 shadow imps
  An ufetubus (D:5)
  An ooze (D:3)
  2 worms
  3 dart slugs
  7 leopard geckos
  67 orcs
  9 bats
  6 giant cockroaches
  2 goblins
  10 hobgoblins
  3 jackals (D:8)
  29 kobolds
  4 quokkas
  12 frilled lizards
  8 rats
344 creatures vanquished.

Vanquished Creatures (others)
  A goblin (D:3)
  2 fungi (D:9)
  A plant (Lair:1)
4 creatures vanquished.

Grand Total: 348 creatures vanquished

Notes
Turn   | Place    | Note
-------+----------+-------------------------------------------
     0 | D:1      | dogbrainedIDIOT the Troll Fighter began the quest for the
                  | Orb.
     0 | D:1      | Reached XP level 1. HP: 22/22 MP: 0/0
   154 | D:1      | Reached skill level 1 in Throwing
   154 | D:1      | Reached XP level 2. HP: 23/29 MP: 1/1
   666 | D:1      | Reached XP level 3. HP: 36/36 MP: 2/2
   882 | D:2      | Noticed Terence
  1013 | D:2      | Noticed Natasha
  1018 | D:2      | Killed Natasha
  1018 | D:2      | Reached XP level 4. HP: 33/44 MP: 3/3
  1032 | D:2      | Reached skill level 3 in Unarmed Combat
  1033 | D:2      | Noticed Natasha
  1045 | D:2      | Killed Terence
  1051 | D:2      | Killed Natasha
  1161 | D:2      | Reached XP level 5. HP: 50/50 MP: 4/4
  1233 | D:2      | Noticed Jessica
  1248 | D:2      | Killed Jessica
  1312 | D:2      | Noticed Natasha
  1315 | D:2      | Found a sparkling altar of Nemelex Xobeh.
  1351 | D:2      | Killed Natasha
  1728 | D:2      | Found a runed translucent door.
  1729 | D:2      | Noticed Crazy Yiuf
  1739 | D:2      | Killed Crazy Yiuf
  1739 | D:2      | Reached XP level 6. HP: 22/59 MP: 5/5
  1908 | D:3      | Reached skill level 4 in Unarmed Combat
  2201 | D:3      | Found a blossoming altar of Fedhas.
  2272 | D:3      | Found a white marble altar of Elyvilon.
  3076 | D:4      | Reached XP level 7. HP: 66/66 MP: 6/6
  3610 | D:5      | Entered Level 5 of the Dungeon
  3695 | D:5      | Noticed Pikel
  3709 | D:5      | Killed Pikel
  3709 | D:5      | Reached skill level 5 in Shields
  3709 | D:5      | Reached skill level 5 in Unarmed Combat
  3744 | D:5      | Found a shimmering altar of Xom.
  3747 | D:5      | Reached XP level 8. HP: 71/74 MP: 7/7
  4022 | D:5      | Found a bloodstained altar of Trog.
  4023 | D:5      | Reached skill level 5 in Throwing
  4032 | D:5      | Reached skill level 6 in Unarmed Combat
  4808 | D:6      | Found a staircase to the Ecumenical Temple.
  4844 | Temple   | Entered the Ecumenical Temple
  4978 | Temple   | Became a worshipper of Gozag Ym Sagoz the Greedy
  5627 | D:7      | Reached skill level 7 in Unarmed Combat
  5627 | D:7      | Reached XP level 9. HP: 66/80 MP: 8/8
  5749 | D:7      | Found a basalt altar of Yredelemnul.
  5777 | D:7      | Learned a level 2 spell: Wereblood
  5985 | D:7      | Noticed a two-headed ogre
  6118 | D:7      | Killed a two-headed ogre
  6240 | D:7      | Reached skill level 8 in Unarmed Combat
  7170 | D:8      | Found a stormy altar of Qazlal.
  7370 | D:8      | Noticed Harold
  7408 | D:8      | Killed Harold
  7408 | D:8      | Reached XP level 10. HP: 67/88 MP: 9/9
  7666 | D:8      | Found an ornate altar of the Wu Jian Council.
  7729 | D:8      | Reached skill level 9 in Unarmed Combat
  7866 | D:8      | Found a roughly hewn altar of Beogh.
  8674 | D:8      | Found a snail-covered altar of Cheibriados.
  8781 | D:8      | Found a sacrificial altar of Ru.
  8797 | D:8      | Found a hazy altar of Hepliaklqana.
  8800 | D:8      | Found a shadowy altar of Dithmenos.
  9356 | D:9      | Found Rutreeq's General Store.
  9362 | D:9      | Bought 2 silver javelins for 62 gold pieces
  9362 | D:9      | Bought a scroll of immolation for 45 gold pieces
  9362 | D:9      | Bought a potion of brilliance for 52 gold pieces
  9362 | D:9      | Bought a scroll of magic mapping for 45 gold pieces
  9362 | D:9      | Bought a scroll of identify for 26 gold pieces
  9362 | D:9      | Bought a potion of curing for 39 gold pieces
  9362 | D:9      | Bought a scroll of identify for 26 gold pieces
  9407 | D:9      | Found Iman's Weapon Boutique.
  9410 | D:9      | Bought a throwing net for 39 gold pieces
  9410 | D:9      | Bought 16 poisoned darts for 83 gold pieces
  9501 | D:9      | Found a staircase to the Lair.
  9658 | D:9      | Found a roughly hewn altar of Beogh.
  9658 | D:9      | Found a staircase to the Orcish Mines.
  9665 | D:9      | Noticed a two-headed ogre
  9688 | D:9      | Killed a two-headed ogre
  9983 | D:9      | Reached skill level 10 in Unarmed Combat
 10037 | D:9      | Found Poge's Distillery.
 10044 | D:9      | Bought a potion of berserk rage for 50 gold pieces
 10071 | D:9      | Noticed a centaur warrior
 10078 | D:9      | Killed a centaur warrior
 10078 | D:9      | Reached XP level 11. HP: 63/94 MP: 10/10
 10315 | D:9      | Found a hide-covered altar of Uskayaw.
 10316 | D:9      | Noticed a +0 dagger
 10316 | D:9      | Noticed a +0 hand axe
 10361 | D:9      | Found Ypanyoreu's Assorted Antiques.
 10407 | D:9      | Found Oba Kidgh's Gadget Boutique.
 10600 | D:10     | Entered Level 10 of the Dungeon
 10673 | D:10     | Noticed Maurice
 10706 | D:10     | Killed Maurice
 11392 | D:10     | Noticed a two-headed ogre
 11432 | D:10     | Killed a two-headed ogre
 12262 | D:11     | Noticed a purple ugly thing
 12263 | D:11     | Noticed a two-headed ogre
 12297 | D:11     | Killed a purple ugly thing
 12314 | D:11     | Killed a two-headed ogre
 12314 | D:11     | Reached skill level 10 in Throwing
 12314 | D:11     | Reached skill level 11 in Unarmed Combat
 12714 | D:11     | Found Qyepoyj's Book Boutique.
 13025 | Lair:1   | Entered Level 1 of the Lair of Beasts
 13053 | Lair:1   | Reached skill level 1 in Evocations
 13103 | Lair:1   | HP: 2/94 [cane toad (8)]
 13902 | Lair:1   | Slain by a cane toad

Illustrated notes

Levels and vault maps discovered:
D:1:      heliophobic_arrival_henge, layout_loops_corners, serial_glass,
          glass_columns_a, glass_columns_c, glass_columns_b, glass_columns_b,
          serial_bayou_pond_c, minmay_misc_feat_more_columns
D:2:      layout_rooms, old_standard_altar, minmay_lizard_pond, uniq_jessica,
          uniq_natasha, uniq_crazy_yiuf_cottage, uniq_terence
D:3:      layout_loops_ring, elyvilon_altar_4, lemuel_round_altar
D:4:      cheibrodos_pilgrimage, layout_cave_pods
D:5:      layout_basic, trog_eyes_of_draining, basic_altar, glass_columns_b,
          minmay_misc_feat_cross, uniq_pikel
D:6:      layout_basic, minmay_temple_entry_statues_pillars,
          grunt_decor_arrowhead, grunt_decor_cap
D:7:      minmay_flawed_box, layout_loops_ring, lemuel_crystal_altar,
          columned_hall_lemuel, serial_bayou_pond_c, minmay_small_thing
D:8:      minmay_evil_eye, layout_cave_pods, lemuel_crystal_altar,
          nicolae_overflow_hidden_temple, nicolae_overflow_crystal_walls,
          minmay_overflow_temple_star_quad, special_room [special_room_orc],
          uniq_harold
D:9:      layout_loops_corners, dancing_weapons_uskayaw,
          grunt_lair_entry_orc_guard_hut, david_orc_5, serial_shops,
          nicolae_shop_trees, shop, kennysheep_mini_moat,
          nicolae_shop_behind_doors, shop, nrook_campfire,
          kennysheep_just_a_vault
D:10:     layout_gridville, uniq_maurice
D:11:     layout_long_grid, serial_shops, shop
Temple:   dpeg_chambers_temple
Lair:1:   layout_regular_city, minivault_23, beast_lair_carwin_4

Skill      XL: |  1  2  3  4  5  6  7  8  9 10 11 |
---------------+----------------------------------+-----
Throwing       | 1 2 3 4 6 7 9 10 | 10.6
Shields        | 3 4 5 6 7 8 9 |  9.0
Unarmed Combat | 3 4 5 7 8 10 11 | 11.6
Evocations     | 2 |  2.5
Fighting       | |  2.4
Dodging        | |  2.4

Action                   |  1- 3 |  4- 6 |  7- 9 | 10-12 || total
-------------------------+-------+-------+-------+-------++-------
Melee: Unarmed           |    87 |   224 |   270 |   499 ||  1080
Throw: Stone             |    28 |   122 |   124 |   263 ||   537
       Dart              |       |       |     5 |   101 ||   106
Invok: Potion Petition   |       |       |       |     1 ||     1
Evoke: Wand              |       |       |       |     1 ||     1
  Use: Scroll            |       |       |    10 |     2 ||    12
 Stab: Distracted        |       |       |       |     1 ||     1
Armor: Robe              |    36 |    59 |    52 |   123 ||   270
Dodge: Dodged            |    31 |    58 |    63 |   154 ||   306
Block: Kite shield       |    44 |    75 |    91 |   271 ||   481

Table legend: (Time is in decaauts)
 A = Elapsed time spent in this place.
 B = Non-inter-level travel time spent in this place.
 C = Inter-level travel time spent in this place.
 D = Time resting spent in this place.
 E = Time spent auto-exploring this place.
 F = Levels seen in this place.
 G = Mean time per level.
                   A        B        C        D        E       F      G
               +--------+--------+--------+--------+--------+-----+--------+
         Total |  13674 |  12725 |    949 |    636 |   9294 |  13 | 1051.8 |
       Dungeon |  12697 |  11778 |    919 |    564 |   8632 |  11 | 1154.3 |
        Temple |    162 |    134 |     28 |      0 |    126 |   1 |  162.0 |
          Lair |    814 |    814 |      0 |     72 |    535 |   1 |  814.0 |
               +--------+--------+--------+--------+--------+-----+--------+

Top non-repeatable levels by time:
     D:9: 1731 daAuts
     D:8: 1535 daAuts
     D:7: 1401 daAuts
    D:10: 1399 daAuts
     D:5: 1135 daAuts
     D:4: 1015 daAuts
     D:2: 958 daAuts
    D:11: 943 daAuts
     D:1: 921 daAuts
     D:3: 897 daAuts
  Lair:1: 814 daAuts
     D:6: 757 daAuts
  Temple: 162 daAuts
